 Dungeon Crawl Stone Soup version 0.28.0-49-g6dfe1f597d (webtiles) character file.

Game seed: 11154374716760641858

88 pkoi the Charlatan (level 4, -1/35 HPs)
             Began as a Demigod Artificer on May 17, 2022.
             Killed by divine providence
             ... invoked by an orc priest
              (16 damage)
             ... on level 3 of the Dungeon.
             The game lasted 00:02:51 (3725 turns).

pkoi the Charlatan (Demigod Artificer)              Turns: 3725, Time: 00:02:51

Health: -1/35      AC:  8    Str: 17    XL:     4   Next: 9%
Magic:  6/6        EV:  7    Int: 13    God:
Gold:   158        SH:  0    Dex: 14    Spells: 3/3 levels left

rFire   . . .      SeeInvis .   g - +0 hand axe
rCold   . . .      Faith    .   (no shield)
rNeg    . . .      Spirit   .   h - +0 chain mail
rPois   .          Reflect  .   (no helmet)
rElec   .          Harm     .   (no cloak)
rCorr   .          Rampage  .   (no gloves)
Will    .....                   (no boots)
Stlth   ..........              (no amulet)
HPRegen 0.11/turn               (no ring)
MPRegen 0.10/turn               (no ring)

@: no status effects
A: high MP 1, forlorn, divine attributes
a: no special abilities


You were on level 3 of the Dungeon.
You visited 1 branch of the dungeon, and saw 3 of its levels.

You collected 158 gold pieces.

Inventory:

Hand Weapons
 a - a +0 club
 g - a +0 hand axe (weapon)
Armour
 b - a +1 leather armour
 h - a +0 chain mail (worn)
Wands
 c - a wand of flame (15) (quivered)
 d - a wand of charming (15)
Scrolls
 f - a scroll of enchant armour
 i - a scroll of acquirement {unknown}
 j - 2 scrolls of teleportation
Potions
 k - a potion of curing
 l - a potion of might
 m - a potion of heal wounds {unknown}
Miscellaneous
 e - a piece from Xom's chessboard (15/15)


   Skills:
 + Level 1.4 Fighting
 + Level 2.2 Armour
 - Level 1.0 Dodging
 + Level 1.4 Stealth
 * Level 1.0 Unarmed Combat
 * Level 3.8 Evocations


You had 3 spell levels left.
You didn't know any spells.
Your spell library was empty.

Dungeon Overview and Level Annotations

Branches:
Dungeon (3/15)

Shops:
D:2 *


Innate Abilities, Weirdness & Mutations

You have an increased reservoir of magic. (+10% MP)
You shall have no god before yourself.
Your divine heritage dramatically boosts your attributes as you level up.


Message History

You hear a shout!
The bat hits you but does no damage. The bat barely misses you.
The bat hits you but does no damage.
You hit the bat but do no damage. The bat hits you but does no damage.
An orc comes into view. It is wielding a +0 morningstar.
The bat hits you but does no damage.
You closely miss the bat. The bat hits you.
You hit the orc.
The orc is lightly wounded.
You barely miss the bat. The bat hits you but does no damage.
The orc hits you with a +0 morningstar.
You hit the orc.
The orc is severely wounded.
You hit the endoplasm. The orc barely misses you.
The endoplasm closely misses you.
You hit the endoplasm.
You kill the endoplasm!
You hit the orc.
You kill the orc!
The bat hits you but does no damage.
An orc priest comes into view. It is wielding a +0 club.
Your Unarmed Combat skill increases to level 1!
An orc comes into view. It is wielding a +0 hand axe.
You hit the bat.
The bat is moderately wounded.
You barely miss the orc.
You hit the orc priest but do no damage.
The bat hits you but does no damage. x2; The orc hits you with a +0 flail.
The orc priest mumbles some strange prayers to Beogh against you.
Beogh smites you!
* * * LOW HITPOINT WARNING * * *
The orc barely misses you.
The orc priest looks braver for a moment.
The bat closely misses you. The bat barely misses you.
The orc hits you but does no damage.
There is an escape hatch in the ceiling here.
The bat hits you but does no damage. The orc closely misses you.
The orc priest calls down the wrath of Beogh upon you.
Beogh smites you!
You die...

###.(...##########.#
#........# #.# ##'##.###.#
#.# #...### #.# #.#
#...#####.# #.########
#...#.....# ##.........
#...#.....# ##...#######
#...#.....#####....#
#...#.........b@oo)#
#...#..)..#####.oo.#
#...#.......# ##...'.....o
#...#.......# ###.'....o.
#...#.......########.♣♣..♣
#...#..............#.♣ .♣
#...#.......########..
##...#.......# #####
#....#.......# #.#


You could see an orc priest, 3 orcs and a bat.

Vanquished Creatures
  A hound skeleton (D:3)
  3 adders
  A worm (D:3)
  3 dart slugs
  An orc (D:3)
  A bat (D:1)
  3 endoplasms (D:3)
  2 giant cockroaches
  A goblin (D:3)
  6 hobgoblins
  3 jackals (D:3)
  4 kobolds
  A quokka (D:3)
  5 ball pythons
  4 rats
39 creatures vanquished.

Vanquished Creatures (others)
  5 fungi (D:3)
  5 plants (D:3)
10 creatures vanquished.

Grand Total: 49 creatures vanquished

Notes
Turn   | Place    | Note
-------+----------+-------------------------------------------
     0 | D:1      | pkoi the Demigod Artificer began the quest for the Orb.
     0 | D:1      | Reached XP level 1. HP: 15/15 MP: 3/3
   321 | D:1      | Reached skill level 3 in Evocations
  1077 | D:1      | Reached XP level 2. HP: 22/22 MP: 4/4
  1126 | D:2      | Reached skill level 1 in Fighting
  1126 | D:2      | Reached skill level 1 in Dodging
  1126 | D:2      | Reached skill level 1 in Stealth
  1820 | D:2      | Found Soxec's Assorted Antiques.
  2488 | D:3      | Reached XP level 3. HP: 22/28 MP: 5/5
  3402 | D:3      | Reached XP level 4. HP: 35/35 MP: 6/6
  3721 | D:3      | Reached skill level 1 in Unarmed Combat
  3725 | D:3      | Killed from afar by an orc priest

Illustrated notes

Levels and vault maps discovered:
D:1:      wander_arrival_estate, layout_loops_corners,
          shapermc_ecumenical_altar_venn, minmay_liquid_box,
          nicolae_figureground_sparkle
D:2:      layout_loops_ring, serial_shops, nicolae_shop_behind_doors
D:3:      layout_loops_ring, grunt_temple_overflow_forces_of_nature,
          mainiacjoe_overflow_24_doors, nrook_uturn, kennysheep_generic_room_5

Skill      XL: |  1  2  3  4 |
---------------+-------------+-----
Evocations     | 3 |  3.8
Fighting       | 1 |  1.4
Dodging        | 1 |  1.0
Stealth        | 1 |  1.4
Armour         | 2 |  2.2
Unarmed Combat | 1 |  1.0

Action                   |  1- 3 |  4- 6 || total
-------------------------+-------+-------++-------
Melee: Hand axe          |   149 |    12 ||   161
       Punch             |     3 |       ||     3
  Use: Scroll            |     6 |       ||     6
       Potion            |     5 |       ||     5
 Stab: Sleeping          |     4 |       ||     4
Armor: Leather armour    |    28 |       ||    28
       Chain mail        |    38 |    14 ||    52
Dodge: Dodged            |    98 |    11 ||   109
